 Dungeon Crawl Stone Soup version 0.28.0-53-g5a82cb258f (webtiles) character file.

Game seed: 11895277086916667206

56 moldycheese5 the Skirmisher (level 3, -5/30 HPs)
             Began as a Demonspawn Abyssal Knight on June 17, 2022.
             Was a Believer of Lugonu.
             Slain by Crazy Yiuf
             ... wielding a +3 quarterstaff of chaos
              (8 damage)
             ... on level 2 of the Dungeon.
             The game lasted 00:02:41 (2342 turns).

moldycheese5 the Skirmisher (DsAK)                  Turns: 2342, Time: 00:02:42

Health: -5/30      AC:  6    Str: 15    XL:     3   Next: 71%
Magic:  11/13      EV:  9    Int: 11    God:    Lugonu [**....]
Gold:   128        SH:  0    Dex: 13    Spells: 2/2 levels left

rFire   . . .      SeeInvis .   a - +1 spear
rCold   . . .      Faith    .   (no shield)
rNeg    . . .      Spirit   .   i - +0 scale mail
rPois   .          Reflect  .   (no helmet)
rElec   .          Harm     .   (no cloak)
rCorr   .          Rampage  .   (no gloves)
Will    .....                   (no boots)
Stlth   ..........              (no amulet)
HPRegen 0.10/turn               e - ring of magical power
MPRegen 0.13/turn               (no ring)

@: no status effects
A: foul stench 1
a: Renounce Religion, Depart the Abyss, Bend Space


You were on level 2 of the Dungeon.
You worshipped Lugonu.
Lugonu was pleased with you.
You visited 1 branch of the dungeon, and saw 2 of its levels.
You visited the Abyss 1 time.

You collected 128 gold pieces.

Inventory:

Hand Weapons
 a - a +1 spear (weapon)
Armour
 b - a +0 leather armour
 h - a +0 ring mail
 i - a +0 scale mail (worn)
Jewellery
 e - a ring of magical power (left hand)
Scrolls
 j - 2 scrolls of identify
 m - a scroll of fear {unknown}
Potions
 c - a potion of flight
 d - a potion of heal wounds {unknown}
 f - a potion of mutation {unknown}
 g - a potion of might {unknown}
 k - a potion of degeneration {unknown}
 l - a potion of ambrosia {unknown}


   Skills:
 + Level 3.7 Fighting
 + Level 2.6 Polearms
 + Level 2.1 Armour
 + Level 1.1 Dodging
 + Level 0.4 Stealth
 + Level 2.4 Invocations


You had 2 spell levels left.
You didn't know any spells.
Your spell library contained the following spells:

 Spells                   Type           Power      Damage    Failure   Level
 Fireball                 Conj/Fire      0%         3d3       100%        5
 Starburst                Conj/Fire      0%         6d3       100%        6
 Ignition                 Fire           0%         3d3       100%        8


Dungeon Overview and Level Annotations

Branches:
Dungeon (2/15)

Altars:

Annotations:
D:2 Crazy Yiuf


Innate Abilities, Weirdness & Mutations

You may rarely emit foul miasma when damaged in melee.


Message History

No target in view!
No target in view!
No target in view!
You see here a rat corpse.
You now have 128 gold pieces (gained 12).
There is an open door here.
Crazy Yiuf shouts!
Crazy Yiuf laughs, "Whiteboard!
Lay forty-two disdain."
Crazy Yiuf yells, "Race meccalolo Xom!"
Could not explore, unopened runed door.
Could not explore, unopened runed door.
You open the door.
Crazy Yiuf grits, "Scoff!
Ghoul childish hog."
You hit Crazy Yiuf.
Crazy Yiuf is moderately wounded.
Crazy Yiuf hits you with a +3 quarterstaff of chaos.
You resist with some effort.
You hit Crazy Yiuf.
Crazy Yiuf is moderately wounded.
Crazy Yiuf hits you but does no damage.
You hit Crazy Yiuf.
Crazy Yiuf is heavily wounded.
Crazy Yiuf hits you with a +3 quarterstaff of chaos!
You hit Crazy Yiuf.
Crazy Yiuf is severely wounded.
Crazy Yiuf barely misses you.
You closely miss Crazy Yiuf.
Crazy Yiuf is severely wounded.
Crazy Yiuf hits you with a +3 quarterstaff of chaos.
You feel your power leaking away.
You barely miss Crazy Yiuf.
Crazy Yiuf is severely wounded.
Crazy Yiuf whimpers, "Mountain shrimp song!"
Crazy Yiuf hits you with a +3 quarterstaff of chaos!
* * * LOW HITPOINT WARNING * * *
Crazy Yiuf draws strength from your wounds!
You barely miss Crazy Yiuf.
Crazy Yiuf is heavily wounded.
Crazy Yiuf hits you with a +3 quarterstaff of chaos!
You die...

#######....###....####.###.#.####
#....# #....# #.# #<#..... #....#
♣....♣ #.########## #....# ♣...♣♣
#........... #....# ♣♣.♣♣
#.########.. #....# ♣.♣♣
#.....##.'.. #....# ♣♣.♣
#.....##.#.. #....# ♣.♣♣
#.....##.### #....# ♣♣@♣
#.....##.... ##...# #g#
#.....##.... #...# ...
#.....##.... #...# #...#
##..)....... #...# #..)#
#.........^. #...# #####
#........... #...# #...........
#...###########...........
#......##.................


You could see Crazy Yiuf.

Vanquished Creatures
  A worm (D:2)
  A dart slug (D:1)
  4 ball pythons
  3 endoplasms
  A giant cockroach (D:2)
  7 goblins
  4 hobgoblins
  A jackal (D:1)
  5 kobolds (D:1)
  5 quokkas
  3 bats
  3 frilled lizards (D:1)
  9 rats
47 creatures vanquished.

Notes
Turn   | Place    | Note
-------+----------+-------------------------------------------
     0 | Abyss:1  | moldycheese5 the Demonspawn Abyssal Knight began the quest
                  | for the Orb.
     0 | Abyss:1  | Reached XP level 1. HP: 18/18 MP: 2/2
     0 | D:1      | Escaped the Abyss
   113 | D:1      | Reached * piety under Lugonu
   163 | D:1      | Gained mutation: You may rarely emit foul miasma when
                  | damaged in melee. [demonic ancestry]
   163 | D:1      | Reached XP level 2. HP: 18/24 MP: 3/3
   249 | D:1      | Found a faded altar of an unknown god.
   320 | D:1      | Noticed a floating eye
   326 | D:1      | Noticed a golden eye
   329 | D:1      | Noticed a shining eye
   329 | D:1      | Noticed a shining eye
   938 | D:1      | Reached XP level 3. HP: 26/30 MP: 4/4
  1008 | D:1      | Reached skill level 1 in Dodging
  1255 | D:2      | Found a runed translucent door.
  1256 | D:2      | Noticed Crazy Yiuf
  1400 | D:2      | Reached ** piety under Lugonu
  2342 | D:2      | Slain by Crazy Yiuf

Illustrated notes

Levels and vault maps discovered:
D:1:      dpeg_arrival_lava_temple_mockup, layout_basic,
          hellmonk_ecumenical_altar_watching_god, minmay_octomino_c4
D:2:      layout_basic, kennysheep_generic_room_7, uniq_crazy_yiuf_cottage

Skill      XL: |  1  2  3 |
---------------+----------+-----
Polearms       | 2 |  2.6
Dodging        | 1 |  1.1
Armour         | 2 |  2.1
Fighting       | |  3.7
Stealth        | |  0.4
Invocations    | |  2.4

Action                   || total
-------------------------++-------
Melee: Spear             ||   153
Invok: Depart the Abyss  ||     1
  Use: Scroll            ||     1
 Stab: Sleeping          ||     1
Armor: Leather armour    ||    14
       Ring mail         ||     4
       Scale mail        ||    31
Dodge: Dodged            ||    78
